 Dungeon Crawl Stone Soup version 0.29.0-4-gdea44cf6ec (webtiles) character file.

Game seed: 15874505325425409892

43 qw the Chopper (level 3, -1/21 HPs)
             Began as a Tengu Warper on Aug 28, 2022.
             Slain by Ijyb
             ... wielding a +0 dagger
              (2 damage)
             ... on level 3 of the Dungeon.
             The game lasted 00:00:06 (1561 turns).

qw the Chopper (Tengu Warper)                       Turns: 1561, Time: 00:00:07

Health: -1/21      AC:  3    Str: 13    XL:     3   Next: 58%
Magic:  7/7        EV: 12    Int: 13    God:
Gold:   39         SH:  0    Dex: 13    Spells: 6/6 levels left

rFire   . . .      SeeInvis .   Y - +0 war axe
rCold   . . .      Faith    .   (no shield)
rNeg    . . .      Spirit   .   b - +0 leather armour
rPois   .          Reflect  .   (helmet restricted)
rElec   .          Harm     .   (no cloak)
rCorr   .          Rampage  .   (no gloves)
Will    .....                   (boots unavailable)
Stlth   +.........              (no amulet)
HPRegen 0.07/turn               (no ring)
MPRegen 0.10/turn               (no ring)

@: confused
A: beak, talons 3
a: no special abilities


You were on level 3 of the Dungeon.
You visited 1 branch of the dungeon, and saw 3 of its levels.

You collected 39 gold pieces.


Innate Abilities, Weirdness & Mutations

You have a beak for a mouth.
You have claws for feet.


   Skills:
 - Level 2.0 Fighting
 + Level 4.2 Axes
 - Level 1.0 Throwing
 - Level 1.1 Armour
 - Level 2.1 Dodging
 - Level 2.0 Spellcasting
 - Level 2.4 Translocations


You had 6 spell levels left.
You didn't know any spells.
Your spell library contained the following spells:

 Spells                   Type           Power      Damage    Failure   Level
 Blink                    Tloc           14%        N/A       19%         2
 Gell's Gravitas          Tloc           7%         N/A       36%         3
 Lesser Beckoning         Tloc           7%         N/A       36%         3
 Teleport Other           Tloc           7%         N/A       36%         3
 Manifold Assault         Tloc           7%         N/A       98%         5

Inventory:

Hand Weapons
 h - a +0 mace
 Y - a +0 war axe (weapon)
Missiles
 a - 2 boomerangs (quivered)
Armour
 b - a +0 leather armour (worn)
Scrolls
 i - a scroll of teleportation
Potions
 c - a potion of heal wounds {unknown}
 d - a potion of curing {unknown}

Dungeon Overview and Level Annotations

Branches:
Dungeon (3/15)

Altars:

Shops:
D:1 !

Annotations:
D:3 Ijyb


Message History

You closely miss Ijyb. Your kick misses Ijyb.
You feel less confused. Ijyb misses you.
You hit Ijyb but do no damage. You claw Ijyb.
Ijyb is lightly wounded.
Ijyb hits you with a +0 dagger.
You hit Ijyb but do no damage.
Ijyb is lightly wounded.
Ijyb zaps a wand.
Your will is overpowered!
You are confused.
Ijyb zaps a wand.
Your will is overpowered!
You are more confused.
Ijyb zaps a wand.
Your will is overpowered!
You are more confused.
Ijyb screams, "Die!"
Ijyb hits you with a +0 dagger.
You miss Ijyb.
Ijyb is lightly wounded.
Ijyb hits you with a +0 dagger. Ijyb attacks as you move away!
Ijyb barely misses you.
Ijyb zaps a wand.
Your will is overpowered!
You are more confused.
Found 8 stones.
Ijyb zaps a wand.
You resist with significant effort.
You barely miss Ijyb.
Ijyb is lightly wounded.
Ijyb hits you but does no damage.
You barely miss Ijyb. You claw Ijyb, but do no damage.
You peck Ijyb, but do no damage.
Ijyb is lightly wounded.
Ijyb closely misses you.
Found 11 gold pieces and a lumpy orange potion.
Found a stone staircase leading up.
Ijyb hits you with a +0 dagger.
There is a stone staircase leading down here.
You closely miss Ijyb.
Ijyb is lightly wounded.
Ijyb barely misses you. Ijyb hits you with a +0 dagger.
Ijyb hits you with a +0 dagger.
You die...

#. .# ! #. ..# $
#.#######...# #.
#.<.......#.# #.#
##..........# #..#
##...........
#..##............
#...g..........<
###>@##......#..
#...............
.....#.......$.....
.....##..........##.
....( #..........#
.... ##..#.##### ...
.....# .<. ...#.#


You could see Ijyb.

Vanquished Creatures
  2 adders (D:2)
  A ball python (D:2)
  6 endoplasms
  2 giant cockroaches (D:1)
  A goblin (D:2)
  A hobgoblin (D:1)
  3 quokkas
  2 bats
  2 kobolds (D:1)
  3 rats
23 creatures vanquished.

Notes
Turn   | Place    | Note
-------+----------+-------------------------------------------
     0 | D:1      | qw the Tengu Warper began the quest for the Orb.
     0 | D:1      | Reached XP level 1. HP: 12/12 MP: 4/4
     0 | D:1      | 0 ||| qw: Version: 0.1-a-89-g26bdef1
     0 | D:1      | 0 ||| qw: Game counter: 3298
     0 | D:1      | 0 ||| qw: Always use a shield: true
     0 | D:1      | 0 ||| qw: God list: Okawaru
     0 | D:1      | 0 ||| qw: Allow faded altars: false
     0 | D:1      | 0 ||| qw: Do Orc after D:15 true
     0 | D:1      | 0 ||| qw: Do second Lair branch before Depths: true
     0 | D:1      | 0 ||| qw: Lair rune preference: random
     0 | D:1      | 0 ||| qw: Plans: Normal
     0 | D:1      | 0 ||| PLANNING D:1-11
    77 | D:1      | Found Logytappu's Distillery.
    81 | D:1      | Found a faded altar of an unknown god.
    86 | D:1      | 86 ||| SHOPLISTING potion of curing (42 gold, have 13).
    86 | D:1      | 86 ||| SHOPLISTING potion of heal wounds (70 gold, have
                  | 13).
    86 | D:1      | 86 ||| SHOPLISTING potion of mutation (112 gold, have 13).
   276 | D:1      | Reached XP level 2. HP: 14/17 MP: 6/6
   336 | D:1      | Reached skill level 3 in Axes
   790 | D:1      | 790 ||| READING scroll labelled NUCWASKEQAT.
   794 | D:1      | 794 ||| READING scroll labelled GANUAT YTZIJIM.
   795 | D:1      | 795 ||| READING scroll labelled GUHICL OGODD.
   796 | D:1      | 796 ||| READING scroll labelled OBBEFA FAUB.
   797 | D:1      | 797 ||| READING scroll labelled FOYGOEV MOLI.
   798 | D:1      | 798 ||| READING scroll labelled MISUEDE OWKIEH.
   799 | D:1      | 799 ||| DRINKING 2 bubbling coppery potions.
   838 | D:1      | 838 ||| DROPPING scroll of blinking.
   839 | D:1      | 839 ||| DROPPING potion of lignification.
   866 | D:2      | Reached XP level 3. HP: 21/21 MP: 7/7
   925 | D:2      | 925 ||| Stepping ~*~*~tactically~*~*~ (stealth).
   927 | D:2      | 927 ||| Stepping ~*~*~tactically~*~*~ (stealth).
  1024 | D:2      | Reached skill level 4 in Axes
  1226 | D:2      | 1226 ||| SWAPPING to +0 war axe.
  1227 | D:2      | 1227 ||| DROPPING +0 hand axe.
  1502 | D:2      | 1502 ||| READING scroll labelled CAUGIC OSHE.
  1503 | D:2      | 1503 ||| READING 3 scrolls labelled YWOYGI DESU.
  1504 | D:2      | 1504 ||| DROPPING 2 scrolls of fear.
  1533 | D:3      | Noticed Ijyb
  1559 | D:3      | HP: 3/21 [Ijyb/+0 dagger (4)]
  1560 | D:3      | HP: 1/21 [Ijyb/+0 dagger (2)]
  1561 | D:3      | Slain by Ijyb

Levels and vault maps discovered:
D:1:      minmay_arrival_checkered_box, layout_basic,
          ebering_ecumenical_altar_abandoned, serial_shops, shop,
          serial_park_tiny_pond, nicolae_kite_square_tiling_tiny,
          minmay_pentomino_p4
D:2:      layout_loops_ring
D:3:      minmay_angry_zag, layout_rooms, nicolae_dithmenos_the_darkroom,
          dreamdust_wishing_well, uniq_ijyb

Skill      XL: |  1  2  3 |
---------------+----------+-----
Axes           | 3 4 |  4.2
Fighting       | |  2.0
Throwing       | |  1.0
Armour         | |  1.1
Dodging        | |  2.1
Spellcasting   | |  2.0
Translocations | |  2.4

Action                   || total
-------------------------++-------
Melee: Hand axe          ||    34
       Kick              ||    17
       Peck              ||     3
       War axe           ||    16
       Punch             ||     1
Throw: Boomerang         ||    16
  Use: Scroll            ||     8
       Potion            ||     1
Armor: Leather armour    ||     8
Dodge: Dodged            ||    29

Table legend:
 A = Non-vault XP
 B = Vault XP
 C = Vault XP percentage of total XP
 D = Non-vault monster count
 E = Vault monster count
 F = Vault count percentage of total count
                 A         B        C        D         E       F
            +---------+---------+-------+---------+---------+-------
      Total |      54 |       8 |  12.9 |      19 |       4 |  17.4
            +---------+---------+-------+---------+---------+-------
        D:1 |      13 |       8 |  38.1 |       8 |       4 |  33.3
        D:2 |      41 |       0 |   0.0 |      11 |       0 |   0.0
            +---------+---------+-------+---------+---------+-------
